 Dungeon Sprint DCSS version 0.30-a0-50-gb2d611f6b1 (webtiles) character file.

Game seed: 9049629232668965507

48 MrFrogsmire the Trooper (level 4, -6/32 HPs)
             Began as a Gargoyle Berserker on Sept 4, 2022.
             Was a Priest of Trog.
             Mangled by a tarantella (14 damage)
             ... in the Dungeon (Sprint VI: "Thunderdome").
             The game lasted 00:07:26 (399 turns).

MrFrogsmire the Trooper (Gargoyle Berserker)         Turns: 399, Time: 00:07:28

Health: -6/32      AC:  5    Str: 24    XL:     4   Next: 25%
Magic:  4/4        EV: 16    Int: 10    God:    Trog [***...]
Gold:   31         SH:  0    Dex:  9    Spells: 3/3 levels left

rFire   + . .      SeeInvis .    i - +1 short sword (venom)
rCold   x . .      Faith    .    (no shield)
rNeg    + . .      Spirit   .    b - +0 animal skin
rPois   ∞          Reflect  .    (no helmet)
rElec   +          Harm     .    (no cloak)
rCorr   .          Rampage  .    (no gloves)
Will    +++..      NoTele   +    (no boots)
Stlth   +.........               (no amulet)
HPRegen 1.10/turn                m - ring of Kadom {Will+ EV+4 Int+2}
MPRegen 0.09/turn                n - ring "Suemogou" {Fire Str+2}

@: strong-willed, regenerating
A: sickness immunity, AC +3, negative energy resistance 1, electricity
resistance, torment resistance 1, petrification resistance
a: Renounce Religion, Berserk, Trog's Hand


You were in the Dungeon.
You worshipped Trog.
Trog was most pleased with you.
You visited 1 branch You collected 280 gold pieces.
You spent 249 gold pieces at shops.

Inventory:

Hand Weapons
 a - a +0 mace
 i - a +1 short sword of venom (weapon)
Armour
 b - a +0 animal skin (worn)
Jewellery
 m - the ring of Kadom (left hand) {Will+ EV+4 Int+2}
   (You bought it in a shop in the Dungeon)

   [ring of evasion]

   EV:        It affects your evasion (+4).
   Int:       It affects your intelligence (+2).
   Will:      It increases your willpower.
 n - the ring "Suemogou" (right hand) {Fire Str+2}
   (You bought it in a shop in the Dungeon)

   [ring of fire]

   It enhances your fire magic.
   Str:       It affects your strength (+2).
   rF:        It protects you from fire.
   rC:        It makes you vulnerable to cold.
Scrolls
 h - 4 scrolls of blinking
 k - 3 scrolls of butterflies
Potions
 c - a potion of curing
 d - 4 potions of heal wounds
 e - 4 potions of haste
 f - 2 potions of magic
 g - a potion of berserk rage
 l - a potion of resistance


   Skills:
 + Level 6.0 Fighting
 + Level 0.1 Short Blades
 + Level 5.8 Maces & Flails
 + Level 3.5 Armour
 + Level 2.7 Dodging
 + Level 0.9 Evocations


You had 3 spell levels left.
You didn't know any spells.
Your spell library was empty.

Dungeon Overview and Level Annotations

Branches:
Dungeon (1/1)

Altars:
Cheibriados
Dithmenos
Fedhas
Gozag
Kikubaaqudgha
Makhleb
Okawaru
Qazlal
Ru
Sif Muna
Trog
Uskayaw
Vehumet
Wu Jian
Xom
Yredelemnul
Zin
The Shining One
Lugonu

Shops:
D *[??*?*:[((!!!!


Innate Abilities, Weirdness & Mutations

You are immune to sickness and miasma.
Your stone body is resilient. (AC +3)
You are immune to poison.
You resist negative energy. (rN+)
You are resistant to electric shocks. (rElec)
You are resistant to unholy torment.
You are immune to petrification.


Message History

The roots erupt in riotous growth!
Roots grab the tarantella.
The grasping roots constrict the tarantella.
The tarantella struggles to escape constriction.
The roots erupt in riotous growth!
The grasping roots constrict the tarantella.
The tarantella struggles to escape constriction.
The tarantella escapes!
The roots erupt in riotous growth!
Roots grab the tarantella.
The now-empty wand crumbles to dust.
The grasping roots constrict the tarantella.
The tarantella struggles to escape constriction.
Nothing quivered!
Nothing quivered!
Nothing quivered!
No other quiver actions available for cycling.
Your skin crawls.
You feel strong-willed.
The grasping roots constrict the tarantella.
The tarantella struggles to escape constriction.
The tarantella escapes!
Your skin crawls.
You feel strong-willed.
Your skin crawls.
You feel strong-willed. The tarantella barely misses you.
You miss the tarantella.
The tarantella is heavily wounded.
The tarantella touches you. The tarantella touches you!
You hit the tarantella.
The tarantella is poisoned.
The tarantella is heavily wounded.
The tarantella barely misses you.
You hit the tarantella.
The tarantella looks as sick as possible!
The tarantella is severely wounded.
The tarantella touches you!
* * * LOW HITPOINT WARNING * * *
The tarantella touches you!
You die...

#_......._# #_......._#
#.......†.#
###.........###
#⌠...........⌠#
######.8........†8.##
##.__.......###......_
###∩........8.# #.8.....
##......@s.....###.......
#⌠..........###...###....
#⌠..........# #.<.# #....
#⌠........†.###...###....
##.............###.......
###∩........8.# #.8.....
##∩_._......###......_
######.8.........8.##
#⌠†..........⌠#


You could see a tarantella (extremely poisoned).

Vanquished Creatures
  A scorpion (D)
  2 worms (D)
  7 giant cockroaches (D)
10 creatures vanquished.

Notes
Turn   | Place    | Note
-------+----------+-------------------------------------------
     0 | D        | MrFrogsmire the Gargoyle Berserker began the quest for the
                  | Orb.
     0 | D        | Reached XP level 1. HP: 14/14 MP: 1/1
     0 | D        | Found a sacrificial altar of Ru.
     1 | D        | Found a radiant altar of Vehumet.
     1 | D        | Found an ancient bone altar of Kikubaaqudgha.
     2 | D        | Found a glowing golden altar of the Shining One.
     2 | D        | Found a snail-covered altar of Cheibriados.
     3 | D        | Found a basalt altar of Yredelemnul.
     3 | D        | Found an opulent altar of Gozag.
     3 | D        | Found Weviyghi's Staff Store.
     3 | D        | Found Ajies's Magic Scroll Shop.
     4 | D        | Found Wamab's Must-Have Magic.
     4 | D        | Found Yjova's Magic Scroll Shop.
     5 | D        | Round 1.
    34 | D        | Found Tazo's Distillery.
    34 | D        | Found a corrupted altar of Lugonu.
    34 | D        | Found a hide-covered altar of Uskayaw.
    34 | D        | Found Tiduurag's Do-It-Yourself Clinic.
    35 | D        | Found Qirhegh's Distillery.
    35 | D        | Found Bedotysy's Bottled Wisdom.
    40 | D        | Found a shimmering blue altar of Sif Muna.
    90 | D        | Found an ornate altar of the Wu Jian Council.
    91 | D        | Reached ** piety under Trog
    92 | D        | Reached skill level 4 in Fighting
    92 | D        | Found a shadowy altar of Dithmenos.
    92 | D        | Found a blossoming altar of Fedhas.
    93 | D        | Found a glowing silver altar of Zin.
    93 | D        | Found an iron altar of Okawaru.
    93 | D        | Found Qeudiukk's Weapon Rack.
    93 | D        | Found Ykez's Premium Goods.
    94 | D        | Found Gin Cay's Basic Armour.
    94 | D        | Found Zovel's Miscellaneous Merchandise.
   115 | D        | Found a shimmering altar of Xom.
   118 | D        | Found a bloodstained altar of Trog.
   118 | D        | Found Ustraj's Identification Station.
   118 | D        | Found Futuurghua's Advanced Armour.
   118 | D        | Noticed a scorpion
   119 | D        | Found Hyer's Jewellery.
   120 | D        | Found a stormy altar of Qazlal.
   120 | D        | Found a burning altar of Makhleb.
   123 | D        | Killed a scorpion
   124 | D        | Reached skill level 5 in Fighting
   124 | D        | Reached skill level 5 in Maces & Flails
   124 | D        | Reached XP level 2. HP: 22/22 MP: 2/2
   124 | D        | Reached XP level 3. HP: 27/27 MP: 3/3
   124 | D        | Reached XP level 4. HP: 32/32 MP: 4/4
   161 | D        | Arena points: 12 (+12) [x2]
   199 | D        | Bought a +1 short sword of venom for 159 gold pieces
   204 | D        | Round 2.
   222 | D        | Bought a sparkling platinum ring for 45 gold pieces
   222 | D        | Identified the ring of Kadom {Will+ EV+4 Int+2} (You bought
                  | it in a shop in the Dungeon)
   266 | D        | Reached *** piety under Trog
   319 | D        | Reached skill level 6 in Fighting
   322 | D        | Arena points: 48 (+36) [x3]
   361 | D        | Round 3.
   386 | D        | Bought a slimy lead ring for 45 gold pieces
   386 | D        | Identified the ring "Suemogou" {Fire Str+2} (You bought it
                  | in a shop in the Dungeon)
   390 | D        | Noticed a tarantella
   399 | D        | Mangled by a tarantella

Illustrated notes

Levels and vault maps discovered:
D:        arena_sprint

Skill      XL: |  1  2  3  4 |
---------------+-------------+-----
Fighting       | 5 6 |  6.0
Maces & Flails | 5 |  5.8
Armour         | 3 |  3.5
Dodging        | 2 |  2.7
Short Blades   | |  0.1
Evocations     | |  0.9

Action                   |  1- 3 |  4- 6 || total
-------------------------+-------+-------++-------
Melee: Mace              |    12 |     2 ||    14
       Short sword       |       |    12 ||    12
Invok: Trog's Hand       |       |     3 ||     3
Evoke: Wand              |     5 |     5 ||    10
Armor: Animal skin       |     5 |     2 ||     7
Dodge: Dodged            |    10 |     5 ||    15

Table legend: (Time is in decaauts)
 A = Elapsed time spent in this place.
 B = Non-inter-level travel time spent in this place.
 C = Inter-level travel time spent in this place.
 D = Time resting spent in this place.
 E = Time spent auto-exploring this place.
 F = Levels seen in this place.
 G = Mean time per level.
                   A        B        C        D        E       F      G
               +--------+--------+--------+--------+--------+-----+--------+
         Total |    401 |    132 |    269 |      0 |      0 |   1 |  401.0 |
       Dungeon |    401 |    132 |    269 |      0 |      0 |   1 |  401.0 |
               +--------+--------+--------+--------+--------+-----+--------+

Top non-repeatable levels by time:
       D: 401 daAuts
